 Dungeon Crawl Stone Soup version 0.26-a0-663-g36e8fdb655 (webtiles) character file.

Game seed: 9259545298577673931

93 krigyl the Poker (level 4, -1/37 HPs)
             Began as a Merfolk Chaos Knight on Oct 13, 2020.
             Was a Plaything of Xom.
             Slain by Blork the unseen horror (shapeshifter) (11 damage)
             ... on level 4 of the Dungeon.
             The game lasted 00:06:31 (1240 turns).

krigyl the Poker (Merfolk Chaos Knight)             Turns: 1240, Time: 00:06:32

Health: -1/37      AC:  7    Str: 15    XL:     4   Next: 61%
Magic:  4/4        EV: 12    Int: 11    God:    Xom [....*.]
Gold:   62         SH:  3    Dex: 11    Spells: 3/3 levels left

rFire    . . .     SeeInvis .   a - +0 spear (chaos)
rCold    . . .     Faith    .   c - +0 buckler
rNeg     . . .     Spirit   .   b - +2 leather armour
rPois    .         Reflect  .   (no helmet)
rElec    .         Harm     .   (no cloak)
rCorr    .         Rampage  .   (no gloves)
MR       .....                  (no boots)
Stlth    +.........             (no amulet)
HPRegen  0.12/turn              (no ring)
MPRegen  0.09/turn              (no ring)

@: hasted, very quick
A: change form in water, swift swim, stealthy swim, yellow scales 1, clumsy 1,
strong 1, MP-powered wands
a: Renounce Religion


You were on level 4 of the Dungeon.
You worshipped Xom.
You were a beloved toy of Xom.
You visited 1 branch of the dungeon, and saw 4 of its levels.

You collected 73 gold pieces.
You spent 11 gold pieces at shops.

Inventory:

Hand Weapons
 a - a +0 spear of chaos (weapon)
Missiles
 o - a throwing net (quivered)
Armour
 b - a +2 leather armour (worn)
 c - a +0 buckler (worn)
Scrolls
 h - a scroll of fear
 i - 2 scrolls of remove curse {@r2}
 j - 2 scrolls of enchant weapon
 k - a scroll of fog
 l - a scroll of teleportation {@r4}
 m - a scroll of enchant armour
 p - 2 scrolls of blinking {unknown}
Potions
 d - a potion of flight


   Skills:
 + Level 4.0 Fighting
 * Level 5.4 Polearms
 - Level 1.4 Armour
 + Level 3.8 Dodging
 + Level 0.5 Shields


You had 3 spell levels left.
You didn't know any spells.
Your spell library contained the following spells:

 Spells                   Type           Power        Failure   Level
 Magic Dart               Conj           #...         56%         1
 Blink                    Tloc           N/A          71%         2
 Call Imp                 Summ           #.......     71%         2
 Slow                     Hex            #.......     71%         2
 Conjure Flame            Conj/Fire      #.......     90%         3
 Mephitic Cloud           Conj/Pois/Air  #.......     90%         3


Dungeon Overview and Level Annotations

Branches:
Dungeon (4/15)
 Temple: D:4-7

Altars:
Fedhas
Kikubaaqudgha
Ru
Vehumet
Xom

Shops:
D:4 !

Annotations:
D:3 Grinder
D:4 Blork the orc


Innate Abilities, Weirdness & Mutations

You revert to your normal form in water.
You are very nimble and swift while swimming.
You are very stealthy in the water. (Stealth+)
You are partially covered in yellow scales. (AC +2)
You are clumsy. (Dex -2)
Your muscles are strong. (Str +2)
You expend magic power (3 MP) to strengthen your wands.


Message History

You miss something. Something hits you but does no damage. Something hits you!
A shower of butterflies erupts from you!
You miss something.
Something hits you but does no damage. x2
You hit something.
You feel better. Something hits you but does no damage.
You hit something but do no damage. Something hits you but does no damage.
Something hits you but does no damage.
Things that are here:
a +0 mace; a +0 robe Something hits you.
Something hits you! Something hits you!
* * * LOW HITPOINT WARNING * * *
It was a potion of magic.
Magic courses through your body.
Something completely misses your butterfly.
You feel better. Something hits you but does no damage. Something hits you.
* * * LOW HITPOINT WARNING * * *
Something hits you!
You die...

#......#.........#.............
#......#.........#.)......(....
#......#.....[b..#^............
#......#.........#.............
#........)..bb...#.<...........
#......#<....b?b.#........#####
#......#.........#........#
#......#####.....#.#+##'###
#.###### #..@..#.#........# #.#
∆ $###.###.####.###.# #.######
$.# #.# #.# #.# ..#
#......##.##.#.# #.# #.#...+
#........$...#.###.####.#...
#.#..........#.#...........
#.'......$.....#.#.####>###
###.........####.#........#
#......$..# #.######.#.#


There were no monsters in sight!

Vanquished Creatures
  A hound skeleton (D:4)
  3 adders
  An ooze (D:4)
  3 worms
  2 dart slugs
  A leopard gecko (D:2)
  2 orcs
  3 bats
  3 giant cockroaches
  3 goblins
  4 hobgoblins
  A quokka (D:3)
  2 ball pythons (D:3)
  3 frilled lizards
  2 kobolds
  6 rats
40 creatures vanquished.

Vanquished Creatures (others)
  An iguana (D:4)
  A worker ant (D:4)
  An adder (D:4)
  A frilled lizard (D:4)
  A withered plant (D:3)
5 creatures vanquished.

Grand Total: 45 creatures vanquished

Notes
Turn   | Place    | Note
-------+----------+-------------------------------------------
     0 | D:1      | krigyl the Merfolk Chaos Knight began the quest for the
                  | Orb.
     0 | D:1      | Reached XP level 1. HP: 18/18 MP: 1/1
   107 | D:2      | XOM: silly message
   164 | D:2      | Reached XP level 2. HP: 10/24 MP: 2/2
   180 | D:2      | Reached skill level 1 in Armour
   268 | D:1      | XOM: 5-stop teleportation journey
   375 | D:2      | Reached XP level 3. HP: 30/30 MP: 3/3
   660 | D:3      | Reached skill level 5 in Polearms
   714 | D:3      | Reached XP level 4. HP: 37/37 MP: 4/4
   922 | D:4      | Found Xyfuir's Distillery.
   930 | D:4      | Bought a potion of degeneration for 11 gold pieces
   966 | D:4      | Found a shimmering altar of Xom.
  1067 | D:3      | Found an ancient bone altar of Kikubaaqudgha.
  1095 | D:3      | Noticed Grinder
  1095 | D:3      | XOM: 3-stop teleportation journey
  1117 | D:4      | XOM: enchant monster (good)
  1127 | D:4      | XOM: 1-stop teleportation journey
  1167 | D:4      | Found a radiant altar of Vehumet.
  1167 | D:4      | Found a blossoming altar of Fedhas.
  1168 | D:4      | Found a sacrificial altar of Ru.
  1190 | D:4      | XOM: divination: detect items
  1217 | D:4      | Noticed Blork the orc
  1221 | D:4      | Gained mutation: You are partially covered in yellow
                  | scales. (AC +2) [potion of mutation]
  1221 | D:4      | Gained mutation: You expend magic power (3 MP) to
                  | strengthen your wands. [potion of mutation]
  1221 | D:4      | Gained mutation: You are clumsy. (Dex -2) [potion of
                  | mutation]
  1221 | D:4      | Gained mutation: Your muscles are strong. (Str +2) [potion
                  | of mutation]
  1225 | D:4      | Noticed Blork
  1225 | D:4      | Blork the orc changed into Blork the shapeshifter
  1225 | D:4      | XOM: polymorph Blork the orc -> Blork the shapeshifter
  1225 | D:4      | Blork the shapeshifter changed into something unseen
  1227 | D:4      | XOM: butterfly on damage
  1240 | D:4      | Slain by Blork the unseen horror (shapeshifter)

Illustrated notes

Levels and vault maps discovered:
D:1:      dpeg_arrival_stone_temple_mockup, layout_basic
D:2:      layout_basic, uniq_jessica
D:3:      layout_basic, kiku_gazebo_garden_becter, nrook_mini_backslash,
          uniq_grinder
D:4:      layout_basic, nicolae_overflow_quartered_altars,
          grunt_gozag_breadcrumbs, xom_confusion_cloud, serial_shops, shop,
          uniq_ijyb, uniq_blork_the_orc

Skill      XL: |  1  2  3  4 |
---------------+-------------+-----
Dodging        | 3 |  3.8
Armour         | 1 |  1.4
Polearms       | 5 |  5.4
Fighting       | 4 |  4.0
Shields        | |  0.5

Action                   |  1- 3 |  4- 6 || total
-------------------------+-------+-------++-------
Melee: Spear             |    87 |    64 ||   151
  Use: Scroll            |       |     7 ||     7
       Potion            |       |     5 ||     5
 Stab: Sleeping          |     1 |       ||     1
       Petrified         |       |     3 ||     3
       Confused          |       |     1 ||     1
Armor: Leather armour    |    10 |    22 ||    32
Dodge: Dodged            |    32 |    16 ||    48
Block: Buckler           |       |     3 ||     3

Table legend: (Time is in decaauts)
 A = Elapsed time spent in this place.
 B = Non-inter-level travel time spent in this place.
 C = Inter-level travel time spent in this place.
 D = Time resting spent in this place.
 E = Time spent auto-exploring this place.
 F = Levels seen in this place.
 G = Mean time per level.
                   A        B        C        D        E       F      G
               +--------+--------+--------+--------+--------+-----+--------+
         Total |   1215 |   1082 |    133 |      0 |      0 |   4 |  303.8 |
       Dungeon |   1215 |   1082 |    133 |      0 |      0 |   4 |  303.8 |
               +--------+--------+--------+--------+--------+-----+--------+

Top non-repeatable levels by time:
     D:3: 433 daAuts
     D:2: 276 daAuts
     D:1: 265 daAuts
     D:4: 241 daAuts
